 Dungeon Crawl Stone Soup version 0.28.0-43-g3370ac3207 (webtiles) character file.

Game seed: 15451115157848084368

193 mortz the Skirmisher (level 5, -3/47 HPs)
             Began as a Hill Orc Fighter on Mar 28, 2022.
             Slain by a scorpion (5 damage)
             ... on level 4 of the Dungeon.
             The game lasted 00:12:27 (2954 turns).

mortz the Skirmisher (Hill Orc Fighter)             Turns: 2954, Time: 00:12:28

Health: -3/47      AC: 10    Str: 21    XL:     5   Next: 72%
Magic:  5/5        EV: 24    Int:  8    God:
Gold:   166        SH:  4    Dex: 10    Spells: 4/4 levels left

rFire   . . .      SeeInvis .   a - +0 long sword {long}
rCold   . . .      Faith    .   c - +0 buckler
rNeg    . . .      Spirit   .   b - +0 scale mail
rPois   .          Reflect  .   (no helmet)
rElec   .          Harm     .   (no cloak)
rCorr   .          Rampage  +   r - +0 pair of gloves
Will    .....                   e - +1 pair of boots {rampage}
Stlth   ..........              x - amulet of the acrobat
HPRegen 0.15/turn               (no ring)
MPRegen 0.09/turn               (no ring)

@: acrobatic
A: no striking features
a: no special abilities


You were on level 4 of the Dungeon.
You visited 1 branch of the dungeon, and saw 4 of its levels.

You collected 166 gold pieces.


   Skills:
 + Level 4.5 Fighting
 + Level 4.4 Long Blades
 + Level 4.1 Armour
 + Level 0.8 Dodging
 + Level 3.8 Shields


You had 4 spell levels left.
You didn't know any spells.
Your spell library contained the following spells:

 Spells                   Type           Power      Damage    Failure   Level
 Foxfire                  Conj/Fire      0%         2x1d4     83%         1
 Conjure Flame            Conj/Fire      0%         6-21      99%         3
 Inner Flame              Hex/Fire       0%         N/A       99%         3
 Flame Wave               Conj/Fire      0%         2d4       100%        4

Inventory:

Hand Weapons
 a - a +0 long sword (weapon) {long}
 k - a +0 hand axe of flaming {axe}
   (You found it on level 2 of the Dungeon)
 q - a +2 dagger of venom {short}
   (You took it off a kobold on level 2 of the Dungeon)
 t - a +0 vampiric whip {mace}
   (You found it on level 2 of the Dungeon)
 v - a +2 dagger of holy wrath {short}
   (You took it off a goblin on level 3 of the Dungeon)
Missiles
 g - 23 arrows
 i - 65 stones (quivered) {throwing}
Armour
 b - a +0 scale mail (worn)
 c - a +0 buckler (worn)
 e - a +1 pair of boots of rampaging (worn)
   (You found it on level 1 of the Dungeon)
 r - a +0 pair of gloves (worn)
   (You found it on level 2 of the Dungeon)
Magical Staves
 o - a staff of conjuration {!a@e2staff}
   (You found it on level 2 of the Dungeon)
Jewellery
 x - an amulet of the acrobat (around neck)
   (You found it on level 4 of the Dungeon)
Scrolls
 h - a scroll of identify {unknown}
 j - a scroll of amnesia {unknown}
 l - 2 scrolls of noise {unknown}
 n - a scroll of teleportation {unknown}
 p - a scroll of fear {unknown}
Potions
 d - a potion of might
 f - 2 potions of ambrosia {unknown}
 m - a potion of berserk rage {unknown}
 s - a potion of lignification {unknown}
 u - 2 potions of curing {unknown}
 w - 2 potions of heal wounds {unknown}

Dungeon Overview and Level Annotations

Branches:
Dungeon (4/15)
 Temple: D:4-7

Altars:

#.......... #......
#.......... .......
#......... .......
#........ .......
#.......##### .......
#.......'.o.# .......
#.......#...#
.......####.......#Oo##.
#......@.r..O.....#o.#..
#.......soo.o.....+.))..
#.........o.......#..#..
#.................#..#..
#..........########..# .
#.....(....#......#..# .
#$.........#......'..#
#..........#.....##..# .
###......#.....##..# .


You could see an ogre, a scorpion, an orc wizard, 3 orcs and a quokka.


Message History

You start putting on your amulet.
You continue putting on your amulet of the acrobat. x5
You finish putting on your amulet of the acrobat.
You feel ready to tumble and roll out of harm's way.
x - an amulet of the acrobat (around neck)
You open the door. 3 orcs come into view.
The orc shouts! x3; You hear a shout! x2
An orc comes into view. It is wielding a +0 mace.
An orc comes into view.
It is wielding a +2 hand axe of flaming.
The orc moves out of view. x2
An orc wizard comes into view. It is wielding a +0 dagger.
The orc wizard shouts!
The orc shouts!
The orc wizard points at you and mumbles some strange words.
You are confused.
The orc throws a boomerang.
The boomerang misses you.
The orc wizard casts a spell.
The orc wizard flickers and vanishes!
Deactivating autopickup; reactivate with Ctrl-A.
An ogre comes into view. It is wielding a +0 giant club.
You bump into the rock wall.
The orc throws a boomerang.
The boomerang barely misses you.
You slash the orc!
You kill the orc!
The orc hits you with a +0 dagger. 😕 HP[-2]
You take 2 damage, and now have 45/47 hp.
You feel less confused.
Something hits you but does no damage. 😕 HP[+1]
You slash something! You slash the orc!
You kill the orc!
Something hits you but does no damage.
You hear some strange, mumbled words.
You are confused.
Things that are here:
a +2 hand axe of flaming {axe}; a +0 leather armour Something completely misses you.
You miss something. Something hits you. 😕 HP[-1]
You take 1 damage, and now have 45/47 hp.
You're too confused to move!
Something hits you but does no damage.
You bump into the rock wall.
You feel less confused. Something hits you but does no damage.
The ogre hits you with a +0 giant club! 😕 HP[-9]
You take 9 damage, and now have 36/47 hp.
Something unexpectedly blocked you, preventing you from rampaging!
You barely miss something. Something hits you but does no damage.
The ogre hits you with a +0 giant club!
Something completely misses you. 😮 HP[-7]
You take 7 damage, and now have 29/47 hp.
Something unexpectedly blocked you, preventing you from rampaging!
You hit something but do no damage. The ogre barely misses you.
You barely miss the ogre. The ogre hits you with a +0 giant club!
* * * LOW HITPOINT WARNING * * *
Something hits you but does no damage. The orc barely misses you. 😨 HP[-13]
You take 13 damage, and now have 16/47 hp.
MASSIVE DAMAGE!! (PAUSE)
You slash the ogre! Something hits you but does no damage.
The orc hits you but does no damage. The ogre hits you with a +0 giant club!
* * * LOW HITPOINT WARNING * * *
😱 HP[-15]
You take 15 damage, and now have 1/47 hp.
MASSIVE DAMAGE!! (PAUSE)
Something completely misses you.
You hear some strange, mumbled words.
A puff of flame appears from out of thin air!
You block the puff of flame.
You open the door.
The orc throws a boomerang.
The boomerang hits you but does no damage.
There is an open door here.
A quokka comes into view.
You hear some strange, mumbled words.
Something tries to affect you, but you resist. 😱 HP[+1]
A puff of flame appears from out of thin air!
The puff of flame hits you.
* * * LOW HITPOINT WARNING * * *
😱 HP[-1]
You take 1 damage, and now have 1/47 hp.
A scorpion comes into view.
You are confused.
The quokka completely misses you. x2
You bump into the rock wall.
The quokka closely misses you.
You're too confused to move!
The quokka barely misses you. 😱 HP[+1]
You hit the scorpion.
An orc wizard appears from thin air!
Reactivating autopickup.
The quokka barely misses you. The scorpion barely misses you.
You feel less confused. The scorpion misses you.
The scorpion completely misses you. The quokka completely misses you.
The scorpion stings you.
You die...

Skill      XL: |  1  2  3  4  5 |
---------------+----------------+-----
Fighting       | 4 |  4.5
Long Blades    | 3 4 |  4.4
Armour         | 4 |  4.1
Dodging        | |  0.8
Shields        | |  3.8

Action                   |  1- 3 |  4- 6 || total
-------------------------+-------+-------++-------
Melee: Long sword        |   114 |    93 ||   207
Armor: Scale mail        |    61 |    40 ||   101
Dodge: Dodged            |    55 |    45 ||   100
Block: Buckler           |    24 |    16 ||    40

Levels and vault maps discovered:
D:1:      psy_arrival_dodecagon, layout_basic, minmay_worlds_worst_comb
D:2:      layout_basic
D:3:      layout_basic, ebering_ecumenical_altar_rust, serial_co_window_serial,
          co_window_paths_b, co_window_paths_b, co_window_cross_1,
          co_window_paths_a, co_window_paths_b, co_window_of_opportunity_b,
          co_window_broadway_a, co_window_paths_c, co_window_paths_c,
          glass_columns_a, glass_columns_b, uniq_jessica
D:4:      kennysheep_goblin_castle, layout_gridville, uniq_eustachio

Notes
Turn   | Place    | Note
-------+----------+-------------------------------------------
     0 | D:1      | mortz the Hill Orc Fighter began the quest for the Orb.
     0 | D:1      | Reached XP level 1. HP: 19/19 MP: 1/1
     0 | D:1      | magus.rc [v1.9.6]
    95 | D:1      | Reached XP level 2. HP: 27/27 MP: 2/2
   194 | D:1      | Reached skill level 4 in Fighting
   336 | D:1      | Reached XP level 3. HP: 33/33 MP: 3/3
   718 | D:2      | Reached skill level 3 in Long Blades
   842 | D:2      | Reached XP level 4. HP: 18/41 MP: 4/4
  1772 | D:3      | Noticed Jessica
  1776 | D:3      | Killed Jessica
  1858 | D:3      | Reached skill level 4 in Armour
  1858 | D:3      | Reached XP level 5. HP: 47/47 MP: 5/5
  1887 | D:3      | Found a faded altar of an unknown god.
  2235 | D:3      | You pick up a book of Flames and begin reading...
  2235 | D:3      | You add the spells Foxfire, Conjure Flame, Inner Flame and
                  | Flame Wave to your library.
  2673 | D:4      | Reached skill level 4 in Long Blades
  2920 | D:4      | Noticed an ogre
  2936 | D:4      | HP: 1/47 [ogre/+0 giant club (16)]
  2945 | D:4      | HP: 1/47 [something/puff of flame (1)]
  2954 | D:4      | Slain by a scorpion

Vanquished Creatures
  A hound (D:4)
  A centaur skeleton (D:3)
  Jessica (D:3)
  2 adders (D:2)
  2 worms
  A dart slug (D:3)
  3 orcs (D:4)
  5 ball pythons
  3 bats
  9 endoplasms
  9 giant cockroaches
  10 goblins
  7 hobgoblins
  5 quokkas
  4 frilled lizards
  5 kobolds
  6 rats
74 creatures vanquished.

Table legend:
 A = Non-vault XP
 B = Vault XP
 C = Vault XP percentage of total XP
 D = Non-vault monster count
 E = Vault monster count
 F = Vault count percentage of total count
                 A         B        C        D         E       F
            +---------+---------+-------+---------+---------+-------
      Total |     227 |      49 |  17.8 |      67 |       7 |   9.5
            +---------+---------+-------+---------+---------+-------
        D:1 |      37 |      12 |  24.5 |      22 |       6 |  21.4
        D:2 |      63 |       0 |   0.0 |      22 |       0 |   0.0
        D:3 |      71 |      37 |  34.3 |      18 |       1 |   5.3
        D:4 |      56 |       0 |   0.0 |       5 |       0 |   0.0
            +---------+---------+-------+---------+---------+-------

Illustrated notes

Table legend:
 A = Kills in this place as a percentage of kills in entire the game.
 B = Kills by you in this place as a percentage of kills by you in the entire game.
 C = Kills by friends in this place as a percentage of kills by friends in the entire game.
 D = Other kills in this place as a percentage of other kills in the entire game.
 E = Experience gained in this place as a percentage of experience gained in the entire game.
 F = Experience gained in this place divided by the number of levels of this place that you have seen.
                   A       B       C       D       E      F
               +-------+-------+-------+-------+-------+----------------------
         Total | 100.0 | 100.0 |   N/A |   N/A | 100.0 |  69.0
       Dungeon | 100.0 | 100.0 |   N/A |   N/A | 100.0 |  69.0
               +-------+-------+-------+-------+-------+----------------------

Table legend: (Time is in decaauts)
 A = Elapsed time spent in this place.
 B = Non-inter-level travel time spent in this place.
 C = Inter-level travel time spent in this place.
 D = Time resting spent in this place.
 E = Time spent auto-exploring this place.
 F = Levels seen in this place.
 G = Mean time per level.
                   A        B        C        D        E       F      G
               +--------+--------+--------+--------+--------+-----+--------+
         Total |   3012 |   2924 |     88 |    171 |   2156 |   4 |  753.0 |
       Dungeon |   3012 |   2924 |     88 |    171 |   2156 |   4 |  753.0 |
               +--------+--------+--------+--------+--------+-----+--------+

Top non-repeatable levels by time:
     D:3: 1000 daAuts
     D:2: 974 daAuts
     D:1: 740 daAuts
     D:4: 296 daAuts
